 Dungeon Crawl Stone Soup version 0.29-a0-330-g52719c12eb (webtiles) character file.

Game seed: 3882122673930409775

29 tilp the Vexing (level 3, -1/29 HPs)
             Began as a Merfolk Wanderer on Apr 29, 2022.
             Slain by Natasha (3 damage)
             ... on level 2 of the Dungeon.
             The game lasted 00:02:02 (2043 turns).

tilp the Vexing (Merfolk Wanderer)                  Turns: 2043, Time: 00:02:03

Health: -1/29      AC:  7    Str: 21    XL:     3   Next: 16%
Magic:  4/4        EV:  9    Int: 15    God:
Gold:   91         SH:  0    Dex: 16    Spells: 4/4 levels left

rFire   . . .      SeeInvis .   d - +0 short sword
rCold   . . .      Faith    .   (no shield)
rNeg    . . .      Spirit   .   c - +0 scale mail
rPois   .          Reflect  .   p - +0 helmet
rElec   .          Harm     .   (no cloak)
rCorr   .          Rampage  .   (no gloves)
Will    .....                   (no boots)
Stlth   ..........              (no amulet)
HPRegen 0.09/turn               i - +6 ring of strength
MPRegen 0.09/turn               q - +6 ring of dexterity

@: flying
A: (nimble swimmer 2), mertail, deterioration 1, strong 1
a: no special abilities


You were on level 2 of the Dungeon.
You visited 1 branch of the dungeon, and saw 2 of its levels.

You collected 91 gold pieces.

Inventory:

Hand Weapons
 a - a +0 club
 d - a +0 short sword (weapon)
Missiles
 j - 22 stones
 k - 9 poisoned darts (quivered)
Armour
 c - a +0 scale mail (worn)
 p - a +0 helmet (worn)
Jewellery
 i - a +6 ring of strength (left hand)
 n - a ring of positive energy
 q - a +6 ring of dexterity (right hand)
Scrolls
 b - 2 scrolls of fear
 r - a scroll of noise {unknown}
 s - a scroll of identify {unknown}
 t - 3 scrolls of teleportation {unknown}
Potions
 e - a potion of haste {unknown}
 g - a potion of invisibility {unknown}
 h - a potion of mutation
 l - a potion of lignification {unknown}
 m - a potion of curing {unknown}
 o - a potion of ambrosia {unknown}


   Skills:
 + Level 3.0 Fighting
 - Level 1.3 Armour
 - Level 1.0 Spellcasting
 - Level 4.0 Hexes
 - Level 3.2 Ice Magic


You had 4 spell levels left.
You didn't know any spells.
Your spell library contained the following spells:

 Spells                   Type           Power      Damage    Failure   Level
 Slow                     Hex            48%        N/A       13%         1
 Freeze                   Ice            40%        1d6       19%         1
 Frozen Ramparts          Ice            20%        1d4       47%         3
 Inner Flame              Hex/Fire       6%         N/A       65%         3
 Fulminant Prism          Conj/Hex       3%         3d6       96%         4


Dungeon Overview and Level Annotations

Branches:
Dungeon (2/15)

Altars:

Shops:
D:2 [

Annotations:
D:2 Natasha


Innate Abilities, Weirdness & Mutations

((You are very nimble when in or above water. (Stealth+, EV+, Speed+++)))
Your lower body shifts to a powerful aquatic tail in water.
Your body sometimes deteriorates upon taking damage.
Your muscles are strong. (Str +2)


Message History

Natasha glows brightly for a moment.
Natasha claws you.
* * * LOW HITPOINT WARNING * * *
You barely miss Natasha.
Natasha is lightly wounded.
Natasha wildly gestures.
You feel troubled. Natasha casts a spell at you.
You resist with significant effort.
You hit Natasha.
Natasha is moderately wounded.
Natasha claws you but does no damage.
You barely miss Natasha.
Natasha is moderately wounded.
Natasha claws you.
* * * LOW HITPOINT WARNING * * *
Natasha claws you.
* * * LOW HITPOINT WARNING * * *
You hit Natasha.
Natasha is heavily wounded.
Natasha casts a spell at you. The magic dart hits you.
* * * LOW HITPOINT WARNING * * *
You closely miss Natasha.
Natasha is heavily wounded.
Natasha claws you but does no damage.
You closely miss Natasha.
Natasha is heavily wounded.
Natasha claws you but does no damage.
You barely miss Natasha.
Natasha is heavily wounded.
Natasha claws you but does no damage.
Unknown command.
It was a potion of mutation.
You feel extremely strange.
You feel stronger.
You feel yourself wasting away.
Natasha mumbles some strange words.
It was a potion of flight.
You feel very buoyant.
You fly up into the air.
Natasha claws you.
You die...

...# ...# ..## ...#
..## .## . ..#
....####### .##
........h.# ##
.#....###@#### # ##.#
#.5..#
##########.###.### #
####.#...............
##
##.#....######.###.###
.## ##.......# #.# ..#
#........# #.# .##
##....##.# #.#
..###.....##.# #.#


You could see Natasha and a crimson imp (summoned).

Vanquished Creatures
  A worm (D:2)
  A dart slug (D:2)
  4 ball pythons (D:1)
  A bat (D:1)
  2 endoplasms
  A giant cockroach (D:1)
  2 goblins
  2 hobgoblins (D:1)
  2 frilled lizards
  3 kobolds
  5 rats
24 creatures vanquished.

Notes
Turn   | Place    | Note
-------+----------+-------------------------------------------
     0 | D:1      | tilp the Merfolk Wanderer began the quest for the Orb.
     0 | D:1      | tilp set off with the following items: a +0 club, a scroll
                  | of fear, a +0 scale mail; and the following spells
                  | available to memorise: Slow, Freeze, Frozen Ramparts, Inner
                  | Flame, Fulminant Prism
     0 | D:1      | Reached XP level 1. HP: 13/13 MP: 2/2
   259 | D:1      | Reached skill level 1 in Fighting
   514 | D:1      | Reached XP level 2. HP: 22/22 MP: 3/3
   526 | D:1      | Found a faded altar of an unknown god.
  1712 | D:2      | Reached XP level 3. HP: 17/28 MP: 4/4
  1873 | D:2      | Found Xenaumagh's Antique Armour Emporium.
  2022 | D:2      | Noticed Natasha
  2038 | D:2      | HP: 1/29 [Natasha/magic dart (5)]
  2042 | D:2      | Gained mutation: Your muscles are strong. (Str +2) [potion
                  | of mutation]
  2042 | D:2      | Gained mutation: Your body sometimes deteriorates upon
                  | taking damage. [potion of mutation]
  2043 | D:2      | Slain by Natasha

Illustrated notes

Levels and vault maps discovered:
D:1:      elethiomel_arrival_infinity_welcomes_careful_drivers, layout_basic,
          nicolae_ecumenical_snake_handling, minmay_hedge_maze,
          hangedman_decor_push
D:2:      layout_basic, serial_shops, nicolae_shop_crystal,
          nicolae_figureground_sparkle, uniq_natasha

Skill      XL: |  1  2  3 |
---------------+----------+-----
Fighting       | 1 2 3 |  3.0
Armour         | |  1.3
Spellcasting   | |  1.0
Hexes          | |  4.0
Ice Magic      | |  3.2

Action                   || total
-------------------------++-------
Melee: Short sword       ||    96
       Punch             ||     2
Throw: Dart              ||     1
  Use: Potion            ||     2
Armor: Scale mail        ||    51
Dodge: Dodged            ||    31

Table legend: (Time is in decaauts)
 A = Elapsed time spent in this place.
 B = Non-inter-level travel time spent in this place.
 C = Inter-level travel time spent in this place.
 D = Time resting spent in this place.
 E = Time spent auto-exploring this place.
 F = Levels seen in this place.
 G = Mean time per level.
                   A        B        C        D        E       F      G
               +--------+--------+--------+--------+--------+-----+--------+
         Total |   2049 |   2011 |     38 |    253 |   1499 |   2 | 1024.5 |
       Dungeon |   2049 |   2011 |     38 |    253 |   1499 |   2 | 1024.5 |
               +--------+--------+--------+--------+--------+-----+--------+

Top non-repeatable levels by time:
     D:1: 1463 daAuts
     D:2: 586 daAuts
